[Event "Titled Tuesday Blitz October 25 Late 2022"]
[White "Tang, Andrew"]
[Black "Runets, Ivan"]
[WhiteFideId "2059630"]
[BlackFideId "13511564"]
[WhiteElo "2581"]
[BlackElo "2076"]
[Result "1/2-1/2"]
[Round "01"]
[TimeControl "180+1"]
[Date "2022.10.26"]
[WhiteClock "0:00:12"]
[BlackClock "0:00:09"]

1. Nh3 Nh6 2. g3 g6 3. Bg2 Bg7 4. O-O O-O 5. f4 f5 6. Nf2 Nf7 7. Nc3 e5 8. d3 c6 9. e4 d6 10. Be3 Be6 11. Qd2 Nd7 12. d4 fxe4 13. dxe5 dxe5 14. Nfxe4 exf4 15. Rxf4 Nde5 16. Qe2 Bh6 17. Rd1 Bxf4 18. Rxd8 Bxe3+ 19. Qxe3 Rfxd8 20. Nc5 Bf5 21. Nxb7 Rdb8 22. Na5 Rxb2 23. Nxc6 Re8 24. h3 Rxc2 25. Nxa7 Rd8 26. Nab5 Rdd2 27. Bf1 Bd3 28. Nd4 Rb2 29. Nd5 Bxf1 30. Nf6+ Kg7 31. Qf4 Rg2+ 32. Kxf1 Rgf2+ 33. Qxf2 Rxf2+ 34. Kxf2 Kxf6 35. Ke3 Nc4+ 36. Ke4 Nb6 37. Nb5 Ke6 38. Nd4+ Kd6 39. Nb5+ Kc5 40. Nc3 Nc4 41. Kf4 h6 42. Ke4 Nfd6+ 43. Kd3 Ne5+ 44. Ke3 Kc4 45. Ne2 Nf5+ 46. Ke4 Nd7 47. g4 Nc5+ 48. Ke5 Nd4 49. Nxd4 Nd3+ 50. Kf6 Kxd4 51. Kxg6 Nf4+ 52. Kxh6 Nxh3 53. Kh5 Kc4 54. Kh4 Nf4 55. g5 Kb4 56. Kg4 Ng6 57. Kf5 Nh4+ 58. Kg4 Ng6 59. Kh5 Nf4+ 60. Kh4 Ka3 61. Kg4 Ng6 62. Kf5 Nh4+ 63. Kg4 Ng6 64. Kh5 Nf4+ 65. Kg4 Ng6 1/2-1/2


[Site "https://www.chess.com"]

[Event "Titled Tuesday Blitz October 25 Late 2022"]
[White "Tayar, Jonathan"]
[Black "Rose, Felix"]
[WhiteFideId "2606534"]
[BlackFideId "5105722"]
[WhiteElo "2406"]
[BlackElo "2039"]
[Result "1-0"]
[Round "01"]
[TimeControl "180+1"]
[Date "2022.10.26"]
[WhiteClock "0:01:06"]
[BlackClock "0:00:07"]

1. e4 e5 2. Nf3 Nc6 3. Bc4 Nf6 4. Ng5 d5 5. exd5 Na5 6. Bb5+ c6 7. dxc6 bxc6 8. Qf3 Be7 9. Bd3 O-O 10. Bf5 h6 11. Ne4 Nd5 12. Ng3 Nc4 13. O-O Nd6 14. Bxc8 Qxc8 15. Nc3 Nb4 16. Qd1 f5 17. a3 Nd5 18. d4 e4 19. f3 e3 20. f4 Nc4 21. Qd3 Nxc3 22. Qxc4+ Nd5 23. Bxe3 Kh8 24. Bd2 Bd6 25. Rae1 Qc7 26. Re6 Nxf4 27. Rxd6 Qxd6 28. Bxf4 Qd5 29. Qxd5 cxd5 30. Be5 Rab8 31. Bxb8 1-0


[Site "https://www.chess.com"]

[Event "Titled Tuesday Blitz October 25 Late 2022"]
[White "Thiel, Thomas"]
[Black "Besedes, Danilo"]
[WhiteFideId "4615964"]
[BlackFideId "946796"]
[WhiteElo "2229"]
[BlackElo "2352"]
[Result "0-1"]
[Round "01"]
[TimeControl "180+1"]
[Date "2022.10.26"]
[WhiteClock "0:00:44"]
[BlackClock "0:00:41"]

1. e4 c6 2. d4 d6 3. Nc3 Qc7 4. f4 e5 5. Nf3 Bg4 6. Bc4 Nf6 7. Be3 Nbd7 8. Qd2 b5 9. Bb3 b4 10. Ne2 exf4 11. Bxf4 Nxe4 12. Qxb4 Qb6 13. Qxb6 axb6 14. O-O d5 15. Rae1 Be7 16. Ne5 Nxe5 17. Bxe5 O-O 18. Ng3 Nxg3 19. Bxg3 Bf6 20. c3 Rfe8 21. h3 Bd7 22. Be5 Bxe5 23. dxe5 Be6 24. a3 Re7 25. Bc2 Rae8 26. Bf5 Bxf5 27. Rxf5 f6 28. e6 Rxe6 29. Rxe6 Rxe6 30. Kf2 Re5 31. Rf4 Kf7 32. Ra4 Re7 33. Ra6 Rb7 34. a4 Ke7 35. Ke3 Kd6 36. Kd4 h5 37. b4 g5 38. a5 bxa5 39. Rxa5 Re7 40. Ra6 Re4+ 41. Kd3 Rc4 42. b5 Rc5 43. bxc6 Rxc6 44. Ra4 Ke5 45. Ra8 h4 46. Re8+ Kf4 47. Re2 Kg3 48. Kd4 Rc4+ 49. Kd3 Rf4 50. Rc2 f5 51. Ke3 g4 52. hxg4 fxg4 53. Rd2 Re4+ 54. Kd3 h3 55. gxh3 gxh3 0-1


[Site "https://www.chess.com"]

[Event "Titled Tuesday Blitz October 25 Late 2022"]
[White "Thomforde-Toates, Noah"]
[Black "Romero Ruscalleda, Josep"]
[WhiteFideId "30951992"]
[BlackFideId "2231859"]
[WhiteElo "2654"]
[BlackElo "2336"]
[Result "1-0"]
[Round "01"]
[TimeControl "180+1"]
[Date "2022.10.26"]
[WhiteClock "0:01:16"]
[BlackClock "0:00:54"]

1. d4 g6 2. Nc3 Bg7 3. Bf4 d6 4. e4 a6 5. a4 Nc6 6. Nf3 Bg4 7. d5 Nd4 8. Be2 Nxe2 9. Qxe2 Nf6 10. O-O O-O 11. h3 Bd7 12. e5 dxe5 13. Nxe5 Bf5 14. Rad1 Nd7 15. Nc6 bxc6 16. dxc6 e5 17. Be3 Qe7 18. cxd7 Bxd7 19. Nd5 Qh4 20. Nxc7 Rad8 21. Bc5 Bxh3 22. gxh3 Rxd1 23. Rxd1 Rc8 24. Qg4 Qf6 25. Qxc8+ 1-0


[Site "https://www.chess.com"]

[Event "Titled Tuesday Blitz October 25 Late 2022"]
[White "Timmermans, Mark"]
[Black "Melikhov, Evgeny V."]
[WhiteFideId "1026399"]
[BlackFideId "4122046"]
[WhiteElo "2460"]
[BlackElo "2169"]
[Result "1/2-1/2"]
[Round "01"]
[TimeControl "180+1"]
[Date "2022.10.26"]
[WhiteClock "0:00:33"]
[BlackClock "0:00:28"]

1. b4 d5 2. Bb2 Bg4 3. Nf3 Bxf3 4. exf3 e6 5. c4 c6 6. a4 Nd7 7. Be2 Ndf6 8. b5 Bd6 9. O-O Ne7 10. d4 O-O 11. c5 Bc7 12. Nd2 Nf5 13. g3 h5 14. Bd3 g6 15. f4 Kg7 16. Nf3 Rh8 17. h4 Ng4 18. Bxf5 exf5 19. Ne5 f6 20. Nxg4 hxg4 21. Re1 Qd7 22. Ra3 Rae8 23. Rae3 Re4 24. Rxe4 fxe4 25. Kg2 f5 26. Qb3 Qe7 27. bxc6 bxc6 28. Bc3 Rb8 29. Qc2 Qe8 30. Rb1 Rxb1 31. Qxb1 Qb8 32. Qf1 Qb3 33. Qa1 Qc2 34. Qb2 Qxb2 35. Bxb2 Ba5 36. Kf1 Kf7 37. Ke2 Ke6 38. Kd1 Kd7 39. Bc1 Kc7 40. Kc2 Kb7 41. Bd2 Bxd2 42. Kxd2 a5 1/2-1/2


[Site "https://www.chess.com"]

[Event "Titled Tuesday Blitz October 25 Late 2022"]
[White "Tokhirjonova, Gulrukhbegim"]
[Black "Roque Sola, Gisela"]
[WhiteFideId "14203626"]
[BlackFideId "5120241"]
[WhiteElo "2236"]
[BlackElo "1961"]
[Result "1/2-1/2"]
[Round "01"]
[TimeControl "180+1"]
[Date "2022.10.26"]
[WhiteClock "0:00:21"]
[BlackClock "0:00:07"]

1. e4 e6 2. d4 d5 3. e5 c5 4. c3 Nc6 5. Nf3 Nge7 6. Na3 cxd4 7. cxd4 Nf5 8. Nc2 Be7 9. Bd3 Bd7 10. O-O b5 11. a3 a5 12. Qe2 b4 13. Bf4 b3 14. Bxf5 exf5 15. Nce1 Qb6 16. Qd2 Be6 17. h4 a4 18. h5 Na5 19. Nd3 Nc4 20. Qe2 h6 21. Rac1 O-O 22. Rfd1 Rac8 23. Be3 Nxa3 24. bxa3 Bxa3 25. Rxc8 Rxc8 26. Nc5 Bxc5 27. dxc5 Qb4 28. Rb1 a3 29. Bd4 b2 30. Bxb2 axb2 31. Rxb2 Qxc5 32. Kh2 Qc1 33. Rd2 Qc4 34. Nd4 Qxe2 35. Rxe2 Rc4 36. Rd2 Kh7 37. f4 g6 38. Kg3 gxh5 39. Kf3 Kg6 40. Ke3 Rc3+ 41. Kf2 Rc4 42. g3 Rc3 43. Ne2 Rc4 44. Rd4 Rxd4 45. Nxd4 h4 46. gxh4 Kh5 47. Kg3 Kg6 48. Ne2 Bd7 49. Nd4 Be6 50. Kh3 Bd7 51. Kg3 Be6 1/2-1/2


[Site "https://www.chess.com"]

[Event "Titled Tuesday Blitz October 25 Late 2022"]
[White "Topalov, Aleksandar"]
[Black "Guz, Ari"]
[WhiteFideId "925659"]
[BlackFideId "2825759"]
[WhiteElo "2179"]
[BlackElo "2205"]
[Result "0-1"]
[Round "01"]
[TimeControl "180+1"]
[Date "2022.10.26"]
[WhiteClock "0:00:06"]
[BlackClock "0:00:28"]

1. b3 e5 2. Bb2 Nc6 3. c4 f5 4. Nf3 d6 5. d4 Qe7 6. dxe5 dxe5 7. Ba3 Qf6 8. Bxf8 e4 9. Ba3 Qxa1 10. Nfd2 Nf6 11. e3 Kf7 12. Qc2 Qe5 13. g3 a5 14. Bb2 Qe7 15. a3 Be6 16. Be2 h5 17. h4 Rhd8 18. Qc3 Rd7 19. O-O Rad8 20. f3 Qd6 21. Kg2 Kg8 22. fxe4 fxe4 23. Rxf6 Bh3+ 24. Kxh3 gxf6 25. Kg2 Qe6 0-1


[Site "https://www.chess.com"]

[Event "Titled Tuesday Blitz October 25 Late 2022"]
[White "Tristan, Leonardo"]
[Black "Ismayil, Malak"]
[WhiteFideId "113816"]
[BlackFideId "13412604"]
[WhiteElo "2446"]
[BlackElo "1879"]
[Result "0-1"]
[Round "01"]
[TimeControl "180+1"]
[Date "2022.10.26"]
[WhiteClock "0:00:47"]
[BlackClock "0:00:15"]

1. d4 Nf6 2. Nf3 g6 3. Bf4 Bg7 4. e3 O-O 5. Be2 d6 6. O-O Nc6 7. c3 Re8 8. h3 Bf5 9. Qb3 e5 10. Bh2 Qc8 11. Ng5 Re7 12. Bc4 Qe8 13. Nxf7 Rxf7 14. Bxf7+ Qxf7 15. Qxb7 Qe8 16. Qb3+ Be6 17. Qc2 Rb8 18. Nd2 Bf5 19. e4 Bd7 20. d5 Ne7 21. c4 c5 22. a3 Nh5 23. b4 cxb4 24. axb4 Rxb4 25. Rxa7 Bh6 26. c5 Nc8 27. Rc7 dxc5 28. Nc4 Bf4 29. Bxf4 Nxf4 30. Nxe5 Bxh3 31. Qxc5 Qxe5 32. Qxb4 Qg5 33. g3 Ne2+ 34. Kh2 Qh5 0-1


[Site "https://www.chess.com"]

[Event "Titled Tuesday Blitz October 25 Late 2022"]
[White "Vasquez Schroeder, Rodrigo"]
[Black "Gatineau, Yovann"]
[WhiteFideId "3400042"]
[BlackFideId "26028999"]
[WhiteElo "2577"]
[BlackElo "2275"]
[Result "1-0"]
[Round "01"]
[TimeControl "180+1"]
[Date "2022.10.26"]
[WhiteClock "0:01:24"]
[BlackClock "0:02:17"]

1. e4 e6 2. d4 d5 3. Nc3 Nf6 4. e5 Nfd7 5. Nce2 c5 6. c3 Nc6 7. f4 f6 8. Nf3 Be7 9. a3 O-O 10. h4 b6 11. Neg1 a5 12. Bd3 Ba6 13. Bxa6 Rxa6 14. Qd3 c4 15. Qc2 b5 16. Be3 Qa8 17. Ne2 b4 18. O-O bxa3 19. bxa3 Rb6 20. a4 Rfb8 21. Bc1 Qb7 22. f5 exf5 23. e6 Nf8 24. Qxf5 Nd8 25. Nf4 Ndxe6 26. Nxd5 Rd6 27. Nxe7+ Qxe7 28. Ba3 Rb3 29. Rfe1 Rxa3 30. Rxa3 Rb6 31. Ra2 Qd6 32. Qxa5 Nf4 33. Qc5 Qxc5 34. dxc5 Rc6 35. Nd4 Rxc5 36. a5 Nd3 37. Re7 1-0


[Site "https://www.chess.com"]

[Event "Titled Tuesday Blitz October 25 Late 2022"]
[White "Vovk, Orest"]
[Black "Djokic, Mihailo"]
[WhiteFideId "14113490"]
[BlackFideId "976440"]
[WhiteElo "2215"]
[BlackElo "2315"]
[Result "0-1"]
[Round "01"]
[TimeControl "180+1"]
[Date "2022.10.26"]
[WhiteClock "0:00:04"]
[BlackClock "0:00:05"]

1. h4 e5 2. h5 h6 3. Nc3 Nc6 4. Nf3 d5 5. d4 e4 6. Nd2 Nxd4 7. Ndb1 Ne6 8. Qxd5 Qxd5 9. Nxd5 c6 10. Nf4 Bd6 11. Nxe6 Bxe6 12. Nc3 f5 13. Be3 Nf6 14. O-O-O Be5 15. f3 exf3 16. exf3 O-O 17. Be2 b6 18. Bd4 Bf4+ 19. Kb1 Rad8 20. Bxf6 Rxd1+ 21. Rxd1 Rxf6 22. g4 fxg4 23. fxg4 Bc7 24. Rg1 Rf2 25. g5 Be5 26. Bd3 Bxc3 27. bxc3 hxg5 28. Rxg5 Kf7 29. Bg6+ Kf6 30. Rg3 c5 31. a3 Rh2 32. Rf3+ Ke5 33. Re3+ Kd6 34. Rd3+ Kc7 35. Re3 Kd6 36. Rg3 c4 37. Be4 Rxh5 38. Rxg7 Ra5 39. Kb2 Rb5+ 40. Kc1 a5 41. Rg6 Re5 42. Bg2 Kc5 43. Kb2 Re2 44. Rg5+ Kd6 45. Bf1 Rf2 46. Bg2 Bf5 47. Ba8 Rxc2+ 48. Ka1 Rf2 49. Rh5 Ke5 50. a4 Rc2 51. Rh6 Rc1+ 52. Kb2 Rb1+ 53. Ka2 Rb3 54. Rc6 Be4 55. Rc8 Bxa8 56. Rxa8 Rxc3 57. Re8+ Kd4 58. Kb2 Rb3+ 59. Kc2 Kc5 60. Rc8+ Kb4 61. Rc7 Kxa4 62. Rxc4+ Rb4 63. Rc3 Kb5 64. Rh3 Rc4+ 65. Kb3 Rc5 66. Rh4 Re5 67. Rg4 Re3+ 68. Ka2 a4 69. Rg5+ Ka6 70. Rg6 Ka5 71. Rg8 b5 72. Rg4 Re5 73. Rg8 b4 74. Ra8+ Kb5 75. Rb8+ Kc4 76. Rc8+ Rc5 77. Ra8 a3 78. Rh8 Rd5 79. Rh4+ Rd4 80. Rh2 Kc3 81. Rh3+ Rd3 82. Rh8 Rd2+ 83. Ka1 b3 84. Rc8+ Kb4 85. Rb8+ Kc4 86. Rc8+ Kd3 87. Rd8+ Ke2 88. Re8+ Kf3 89. Rf8+ Kg4 90. Rg8+ Kf5 91. Rf8+ Ke6 92. Rd8 Rxd8 0-1


[Site "https://www.chess.com"]

[Event "Titled Tuesday Blitz October 25 Late 2022"]
[White "Yi, Richard"]
[Black "Luxama, Jacques Muller"]
[WhiteFideId "2079518"]
[BlackFideId "11900113"]
[WhiteElo "2147"]
[BlackElo "1931"]
[Result "1-0"]
[Round "01"]
[TimeControl "180+1"]
[Date "2022.10.26"]
[WhiteClock "0:00:40"]
[BlackClock "0:00:55"]

1. e4 c5 2. Nf3 d6 3. Bb5+ Bd7 4. c4 a6 5. Ba4 Nc6 6. O-O Nf6 7. Nc3 e6 8. d4 cxd4 9. Nxd4 Be7 10. Be3 O-O 11. h3 Ne5 12. Bxd7 Qxd7 13. b3 Rac8 14. Rc1 d5 15. exd5 exd5 16. cxd5 Nxd5 17. Nxd5 Qxd5 18. Nf5 Qe6 19. Rxc8 Rxc8 20. Nxe7+ Qxe7 21. Bf4 Ng6 22. Be3 h6 23. Qd5 Rc6 24. Rd1 Qe6 25. Qxe6 Rxe6 26. Rd7 b5 27. Ra7 Ne5 28. g4 h5 29. gxh5 Nf3+ 30. Kg2 Ne1+ 31. Kg3 Nc2 32. Bf4 Nb4 33. a4 bxa4 34. bxa4 f6 35. Rd7 Kh7 36. Rd6 Rxd6 37. Bxd6 Kh6 38. Bxb4 Kxh5 39. f4 g5 40. f5 1-0


[Site "https://www.chess.com"]

[Event "Titled Tuesday Blitz October 25 Late 2022"]
[White "Zilleruelo Irizarry, Diego"]
[Black "Averjanov, Alexey"]
[WhiteFideId "3101460"]
[BlackFideId "14109867"]
[WhiteElo "1998"]
[BlackElo "2680"]
[Result "0-1"]
[Round "01"]
[TimeControl "180+1"]
[Date "2022.10.26"]
[WhiteClock "0:00:10"]
[BlackClock "0:00:21"]

1. e4 c6 2. d4 d5 3. exd5 cxd5 4. Bd3 Nc6 5. c3 Qc7 6. h3 g6 7. Nf3 Bf5 8. O-O Bxd3 9. Qxd3 Nf6 10. Bg5 Bg7 11. Nbd2 O-O 12. Rfe1 e6 13. Ne5 Nxe5 14. dxe5 Nd7 15. f4 Qb6+ 16. Kh1 Qxb2 17. Reb1 Qa3 18. Rxb7 Nc5 19. Be7 Nxd3 20. Bxa3 Rfc8 21. Bd6 Nxf4 22. Rf1 Bh6 23. g3 Nh5 24. Rfxf7 Nxg3+ 25. Kg2 Nf5 26. Nf3 Rxc3 27. Rxh7 Rc2+ 28. Kf1 Rac8 29. Rhc7 R8xc7 30. Rxc7 Rxa2 31. Rc8+ Kf7 32. Rc7+ Ke8 33. Rc8+ Kd7 34. Rc7+ Kd8 35. Rh7 Bf4 36. Nh4 Nxd6 37. exd6 Bxd6 38. Nxg6 a5 39. h4 a4 40. h5 a3 41. Ra7 Rh2 42. Ra8+ Kc7 43. Nf8 Bxf8 44. Rxf8 a2 45. Ra8 a1=Q+ 46. Rxa1 Rh1+ 47. Kg2 Rxa1 48. h6 Ra8 49. Kg3 Rh8 0-1


[Site "https://www.chess.com"]

[Event "Titled Tuesday Blitz October 25 Late 2022"]
[White "Zochowski, Kacper"]
[Black "Naroditsky, Daniel"]
[WhiteFideId "1125494"]
[BlackFideId "2026961"]
[WhiteElo "2523"]
[BlackElo "3163"]
[Result "0-1"]
[Round "01"]
[TimeControl "180+1"]
[Date "2022.10.26"]
[WhiteClock "0:00:04"]
[BlackClock "0:00:31"]

1. Nf3 Nf6 2. c4 g6 3. b3 Bg7 4. Bb2 O-O 5. g3 d6 6. d4 Nbd7 7. Bg2 e5 8. O-O e4 9. Ne1 Re8 10. Nc3 Nf8 11. Nc2 h5 12. Ne3 h4 13. Qc2 Ne6 14. Rad1 Ng5 15. Ncd5 Nxd5 16. Nxd5 c6 17. Nf4 Bf5 18. Qd2 e3 19. fxe3 hxg3 20. hxg3 Ne4 21. Bxe4 Bxe4 22. d5 Qg5 23. Kf2 c5 24. Bxg7 Kxg7 25. Qc3+ Re5 26. Rg1 Rh8 27. Rdf1 Qg4 28. Ke1 Re8 29. Kd2 Kg8 30. Rf2 Bf5 31. Rf3 Qg5 32. Rgf1 Bg4 33. Nd3 Rxe3 34. Rxf7 Rxe2+ 35. Kd1 Rf2+ 0-1


[Site "https://www.chess.com"]

[Event "Titled Tuesday Blitz October 25 Late 2022"]
[White "chess50years"]
[Black "Toncheva, Nadya"]
[BlackFideId "2924056"]
[WhiteElo "1200"]
[BlackElo "2101"]
[Result "0-1"]
[Round "01"]
[TimeControl "180+1"]
[Date "2022.10.26"]
[WhiteClock "0:00:40"]
[BlackClock "0:00:17"]

1. d4 d5 2. c4 dxc4 3. e4 e5 4. Nf3 Bb4+ 5. Nc3 exd4 6. Qxd4 Qxd4 7. Nxd4 Nf6 8. f3 O-O 9. Bxc4 a6 10. Be3 b5 11. Bb3 Bb7 12. O-O Nbd7 13. Rfd1 Rfd8 14. Rac1 Rac8 15. Nf5 Bf8 16. Nd5 Nxd5 17. Bxd5 c6 18. Bb3 c5 19. Bd5 Bxd5 20. Rxd5 c4 21. Rcd1 g6 22. Ng3 Rc7 23. Bb6 Nxb6 24. Rxd8 Kg7 25. e5 b4 26. Ne4 Na4 27. R8d7 Rxd7 28. Rxd7 Nxb2 29. Nd6 Kg8 30. Nxf7 c3 31. Rc7 Nd3 32. e6 Bc5+ 33. Kf1 c2 34. Nh6+ Kf8 35. e7+ Ke8 36. Rc8+ Kxe7 37. Ng8+ Kd7 0-1


[Site "https://www.chess.com"]

[Event "Titled Tuesday Blitz October 25 Late 2022"]
[White "Abdyzhapar, Asylbek"]
[Black "Coelho, Ramyres Santana"]
[WhiteFideId "13800337"]
[BlackFideId "2120690"]
[WhiteElo "2323"]
[BlackElo "1888"]
[Result "1-0"]
[Round "02"]
[TimeControl "180+1"]
[Date "2022.10.26"]
[WhiteClock "0:00:17"]
[BlackClock "0:00:03"]

1. e4 c5 2. Nf3 d6 3. d4 cxd4 4. Nxd4 Nf6 5. Nc3 a6 6. Be2 e6 7. g4 b5 8. g5 Nfd7 9. Be3 Bb7 10. a3 Be7 11. h4 Nc6 12. Rg1 Rc8 13. Nxc6 Bxc6 14. h5 Ne5 15. f4 Nc4 16. Bxc4 bxc4 17. g6 hxg6 18. hxg6 Bf6 19. Qg4 Qe7 20. O-O-O Bxc3 21. bxc3 Bxe4 22. gxf7+ Qxf7 23. Rxd6 Bf5 24. Qxg7 Qxg7 25. Rxg7 Rh1+ 26. Rg1 Rxg1+ 27. Bxg1 a5 28. Ra6 Kd7 29. Ra7+ Kd6 30. Rxa5 Rg8 31. Bc5+ Kc6 32. Bd4 Rg2 33. Rc5+ Kd6 34. Rxc4 Rxc2+ 35. Kd1 Ra2 36. Rc8 Kd5 37. Ra8 Kc4 38. Ke1 Be4 39. Ra6 Bd5 40. a4 Kd3 41. a5 Ke4 42. Ra7 Kxf4 43. a6 e5 44. Bc5 e4 45. Rd7 Bc4 46. a7 Ra1+ 47. Kd2 Ra2+ 48. Kc1 Kf3 49. Re7 Bd3 50. Re8 Ke2 51. a8=Q Rc2+ 52. Kb1 Rxc3+ 53. Ka1 Rc1+ 54. Kb2 Rb1+ 55. Kc3 Rc1+ 56. Kd4 Rc2 57. Rxe4+ Bxe4 58. Qxe4+ Kd2 59. Qd3+ Kc1 60. Ba3+ Kb1 61. Qb3+ Ka1 62. Qa4 Rc4+ 63. Qxc4 Kb1 64. Qb3+ Ka1 65. Qb2# 1-0


[Site "https://www.chess.com"]

[Event "Titled Tuesday Blitz October 25 Late 2022"]
[White "Aghasiyev, Kamal"]
[Black "Bok, Benjamin"]
[WhiteFideId "13402854"]
[BlackFideId "1017063"]
[WhiteElo "2341"]
[BlackElo "2658"]
[Result "1-0"]
[Round "02"]
[TimeControl "180+1"]
[Date "2022.10.26"]
[WhiteClock "0:00:18"]
[BlackClock "0:00:01"]

1. d4 Nf6 2. c4 e6 3. Nc3 Bb4 4. f3 c5 5. d5 d6 6. e4 b5 7. Bd2 a6 8. a3 Ba5 9. dxe6 Bxe6 10. cxb5 O-O 11. Nge2 axb5 12. Nxb5 d5 13. Ng3 dxe4 14. fxe4 Nc6 15. Be2 Bb3 16. Qc1 c4 17. Bc3 Nd4 18. Nxd4 Qxd4 19. Nf5 Qxe4 20. Qg5 Bxc3+ 21. bxc3 Ne8 22. O-O Qxe2 23. Rae1 Qd3 24. Rxe8 g6 25. Ne7+ Kg7 26. Qf6+ Kh6 27. Rxf8 Rxf8 28. Nf5+ Qxf5 29. Rxf5 Re8 30. Re5 Rc8 31. Re3 1-0


[Site "https://www.chess.com"]

[Event "Titled Tuesday Blitz October 25 Late 2022"]
[White "Aguilar, Juan"]
[Black "Varriale, Luca"]
[WhiteFideId "3800091"]
[BlackFideId "882461"]
[WhiteElo "2432"]
[BlackElo "2245"]
[Result "1/2-1/2"]
[Round "02"]
[TimeControl "180+1"]
[Date "2022.10.26"]
[WhiteClock "0:00:15"]
[BlackClock "0:00:13"]

1. d4 e6 2. c4 d5 3. Nf3 Nf6 4. g3 dxc4 5. Bg2 Nbd7 6. O-O Rb8 7. a4 c6 8. Nbd2 b5 9. axb5 cxb5 10. Rxa7 Qb6 11. Ra1 Be7 12. e4 Bb7 13. Re1 O-O 14. e5 Nd5 15. Ne4 h6 16. h4 f5 17. exf6 N7xf6 18. Ne5 Nxe4 19. Bxe4 Nf6 20. Bxb7 Rxb7 21. Ng6 Rd8 22. Nf4 Rxd4 23. Qe2 Re4 24. Qf1 Bb4 25. Rxe4 Nxe4 26. Be3 Bc5 27. Bxc5 Qxc5 28. Qe2 Qf5 29. Re1 Nc5 30. Qe3 Rc7 31. Rd1 Nd3 32. Nxd3 cxd3 33. Qxd3 Qxd3 34. Rxd3 Kf7 35. Rb3 Rc5 36. Kg2 Kf6 37. Kf3 Rd5 38. Ke3 Re5+ 39. Kf3 Rc5 40. Rb4 Rd5 41. Rf4+ Rf5 42. b3 g6 43. Ke3 e5 44. Rxf5+ gxf5 45. Kd3 Ke6 46. Kc3 Kd5 47. Kb4 Ke4 48. Kxb5 Kf3 49. Kc5 Kxf2 50. b4 e4 51. b5 e3 52. b6 e2 53. b7 e1=Q 54. b8=Q Qc3+ 55. Kd5 Qf3+ 56. Ke6 Qxg3 57. Qb2+ Kf3 58. Qc3+ Kg4 59. Qxg3+ Kxg3 60. Kxf5 Kxh4 61. Kf4 h5 62. Kf3 Kh3 63. Kf2 Kg4 64. Kg1 Kh4 65. Kh1 Kg4 66. Kg1 Kg3 67. Kh1 h4 68. Kg1 h3 69. Kh1 h2 1/2-1/2


[Site "https://www.chess.com"]

[Event "Titled Tuesday Blitz October 25 Late 2022"]
[White "Aldokhin, Ivan"]
[Black "Holt, Conrad"]
[WhiteFideId "24115720"]
[BlackFideId "2034387"]
[WhiteElo "2313"]
[BlackElo "2592"]
[Result "0-1"]
[Round "02"]
[TimeControl "180+1"]
[Date "2022.10.26"]
[WhiteClock "0:00:02"]
[BlackClock "0:01:08"]

1. e4 e6 2. d4 d5 3. Nc3 Nf6 4. e5 Nfd7 5. f4 c5 6. Nf3 Nc6 7. Be3 cxd4 8. Nxd4 Bc5 9. Qd2 O-O 10. O-O-O a6 11. h4 Nxd4 12. Bxd4 b5 13. h5 b4 14. Ne2 a5 15. f5 Bxd4 16. Nxd4 Nxe5 17. h6 g6 18. fxe6 fxe6 19. Re1 Qf6 20. Bb5 Nf7 21. Kb1 Qg5 22. Qe2 Rb8 23. Bd3 Rb6 24. Nf3 Qg3 25. Rh3 Qf4 26. Rh4 Qf6 27. g3 e5 28. Nxe5 Re6 29. Ng4 Qe7 30. Ne3 Re8 31. Nxd5 Rxe2 32. Rxe2 Qxe2 33. Bxe2 Rxe2 34. a3 Re1+ 35. Ka2 Be6 36. Rd4 Re5 0-1


[Site "https://www.chess.com"]

[Event "Titled Tuesday Blitz October 25 Late 2022"]
[White "Ali Abdullahi, Farah"]
[Black "Mekhane, Adam"]
[WhiteFideId "16100212"]
[BlackFideId "36050601"]
[WhiteElo "2223"]
[BlackElo "2175"]
[Result "0-1"]
[Round "02"]
[TimeControl "180+1"]
[Date "2022.10.26"]
[WhiteClock "0:01:24"]
[BlackClock "0:01:40"]

1. d4 Nf6 2. Nf3 g6 3. c4 Bg7 4. Nc3 O-O 5. Bg5 d6 6. Bxf6 Bxf6 7. e3 c5 8. d5 b5 9. cxb5 a6 10. bxa6 Qa5 11. Rc1 Bxa6 12. Bxa6 Nxa6 13. O-O Bxc3 14. bxc3 Qxa2 15. e4 Nc7 16. c4 Rfb8 17. e5 Rb2 18. exd6 exd6 19. Qd3 Ne8 20. Qe3 Re2 21. Qh6 Nf6 22. Qf4 Ne4 23. Qh6 Rxf2 24. Ng5 Rxg2+ 25. Kh1 Rxg5 26. Qh3 Ng3+ 27. hxg3 Rh5 28. Qxh5 gxh5 0-1


[Site "https://www.chess.com"]

[Event "Titled Tuesday Blitz October 25 Late 2022"]
[White "Almedina Ortiz, Edgardo J."]
[Black "Sokolovsky, Yahli"]
[WhiteFideId "3100197"]
[BlackFideId "2820242"]
[WhiteElo "2217"]
[BlackElo "2316"]
[Result "0-1"]
[Round "02"]
[TimeControl "180+1"]
[Date "2022.10.26"]
[WhiteClock "0:00:22"]
[BlackClock "0:01:35"]

1. d4 d6 2. e4 g6 3. Nc3 Bg7 4. f4 Nc6 5. Be3 Nf6 6. Nf3 Ng4 7. Bg1 h5 8. h3 Nh6 9. Qd2 e6 10. O-O-O Ne7 11. Bf2 d5 12. e5 Nef5 13. g3 Bd7 14. Rg1 Ne7 15. g4 hxg4 16. hxg4 Rb8 17. Bh4 b5 18. Bf6 Kf8 19. Ne2 b4 20. Ng3 Nxg4 21. Bxg7+ Kxg7 22. Ng5 Nf5 23. Nxf5+ exf5 24. Be2 Rh2 25. Rde1 Bb5 26. Qd1 Nf2 27. Qd2 Ne4 28. Qd1 Nxg5 29. Rxg5 Bxe2 30. Rxe2 Qh8 31. Rxh2 Qxh2 32. Qd3 Qxf4+ 0-1


[Site "https://www.chess.com"]

[Event "Titled Tuesday Blitz October 25 Late 2022"]
[White "Amburgy, Ryan"]
[Black "Celestino, Rafael Teixeira"]
[WhiteFideId "30924820"]
[BlackFideId "2108925"]
[WhiteElo "2121"]
[BlackElo "2408"]
[Result "1-0"]
[Round "02"]
[TimeControl "180+1"]
[Date "2022.10.26"]
[WhiteClock "0:00:27"]
[BlackClock "0:00:17"]

1. Nf3 Nf6 2. c4 g6 3. Nc3 Bg7 4. e4 O-O 5. d4 d6 6. Be2 Nc6 7. d5 Nb8 8. h3 e5 9. Be3 a5 10. c5 Nbd7 11. cxd6 cxd6 12. O-O Re8 13. Nd2 b6 14. Nb5 Nc5 15. Rc1 Ba6 16. Bxc5 bxc5 17. Nc3 Qb6 18. Bxa6 Qxa6 19. b3 Bh6 20. Rc2 Nh5 21. g3 Nf6 22. Qf3 Nd7 23. Nc4 Rad8 24. Na4 Qb5 25. Nxd6 Qb4 26. Nxe8 Rxe8 27. Qd3 f5 28. exf5 e4 29. Qc4 gxf5 30. Qxb4 cxb4 31. Rc7 Ne5 32. d6 Rd8 33. Rd1 Nd3 34. d7 Bg7 35. Rc8 Bf6 36. Nb6 Kf7 37. Rd2 Ke7 38. Rdc2 Bc3 39. Rxd8 Kxd8 40. Nd5 Bd4 41. Kf1 Kxd7 42. g4 f4 43. Rd2 Kd6 44. Rxd3 exd3 45. Nxf4 d2 46. Ke2 d1=Q+ 47. Kxd1 Bxf2 48. Ke2 Bg3 49. Nd3 Bh4 50. Nb2 Bf6 51. Nc4+ Kc5 52. Nxa5 Bd4 53. Nc4 Kd5 54. Kd3 Bf2 55. Nd2 Ke5 56. Kc4 Be1 57. Nf3+ Kf4 58. Nxe1 Kg3 59. Kxb4 Kxh3 60. a4 Kxg4 61. a5 h5 62. a6 h4 63. a7 h3 64. a8=Q Kg3 65. Qh1 Kf2 66. Nd3+ Kg3 67. Qg1+ Kh4 68. Nf2 h2 69. Qg4# 1-0


[Site "https://www.chess.com"]

[Event "Titled Tuesday Blitz October 25 Late 2022"]
[White "Ansh M Shah"]
[Black "Piesik, Piotr"]
[WhiteFideId "25033379"]
[BlackFideId "1136194"]
[WhiteElo "2084"]
[BlackElo "2323"]
[Result "0-1"]
[Round "02"]
[TimeControl "180+1"]
[Date "2022.10.26"]
[WhiteClock "0:00:11"]
[BlackClock "0:00:09"]

1. d4 c5 2. c4 cxd4 3. Qxd4 Nc6 4. Qd1 Nf6 5. Nf3 d5 6. e3 e5 7. cxd5 Qxd5 8. Qxd5 Nxd5 9. Bd2 e4 10. Nd4 Nxd4 11. exd4 Bd6 12. Bb5+ Bd7 13. Bxd7+ Kxd7 14. O-O f5 15. Nc3 Ke6 16. f3 Nxc3 17. Bxc3 Rhf8 18. d5+ Kxd5 19. Bxg7 Bc5+ 20. Kh1 Rfd8 21. fxe4+ fxe4 22. Rf5+ Kc6 23. Rc1 Rd5 24. Rf6+ Kb5 25. Rf7 Ka6 26. g3 Rad8 27. Bc3 Rd1+ 28. Rxd1 Rxd1+ 29. Kg2 Rg1+ 30. Kh3 e3 31. Rxh7 b5 32. a3 Bb6 33. Rh6 Kb7 34. Re6 Kc7 35. Re5 Kc6 36. Re6+ Kd5 37. Re5+ Kc4 38. Kg4 a6 39. h4 Kd3 40. h5 e2 41. h6 Rh1 42. Rh5 Rxh5 43. Kxh5 Bd4 44. Be1 Bxb2 45. h7 Kc2 46. g4 Kd1 47. Bg3 Be5 48. Bh4 a5 49. g5 b4 50. axb4 axb4 51. g6 b3 52. Kh6 b2 53. g7 b1=Q 54. g8=Q Qb6+ 55. Qg6 Qe3+ 56. Qg5 Bf4 57. h8=Q Qe6+ 58. Kh5 Bxg5 59. Bxg5 e1=Q 60. Qa1+ Ke2 61. Qb2+ Kf1 62. Qb5+ Q1e2+ 63. Qxe2+ Qxe2+ 64. Kg6 Kg2 65. Kf5 Kf3 66. Kg6 Qe4+ 67. Kf6 Kg4 68. Bh6 Qf5+ 69. Kg7 Kh5 70. Kg8 Kxh6 0-1


[Site "https://www.chess.com"]